 Dungeon Crawl Stone Soup version 0.21.0-34-g9234887 (webtiles) character file.

39 Mimshu the Slasher (level 3, -1/30 HPs)
             Began as a Barachi Berserker on Jan 29, 2018.
             Was a Follower of Trog.
             Slain by a leopard gecko (3 damage)
             ... on level 2 of the Dungeon.
             The game lasted 00:01:54 (1112 turns).

Mimshu the Slasher (Barachi Berserker)              Turns: 1112, Time: 00:01:55

Health: -1/30      AC:  2    Str: 19    XL:     3   Next: 47%
Magic:  3/3        EV: 12    Int:  7    God:    Trog [*.....]
Gold:   47         SH:  0    Dex: 11    Spells: 2/2 levels left

rFire    . . .     SeeInvis .   a - +0 falchion
rCold    . . .     Gourm    .   (no shield)
rNeg     . . .     Faith    .   b - +0 animal skin
rPois    .         Spirit   .   (no helmet)
rElec    .         Reflect  .   (no cloak)
rCorr    .         Harm     .   (no gloves)
MR       .....                  (no boots)
Stlth    +.........             (no amulet)
HPRegen  0.10/turn              (no ring)
MPRegen  0.08/turn              (no ring)

@: drained, slow
A: +LOS, swims, slowness 1, strong legs 1
a: Hop, Berserk, Burn Spellbooks, Renounce Religion


You were on level 2 of the Dungeon.
You worshipped Trog.
Trog was aware of your devotion.
You were very hungry.

You visited 1 branch of the dungeon, and saw 2 of its levels.

You collected 47 gold pieces.

Inventory:

Hand Weapons
 a - a +0 falchion (weapon)
Armour
 b - a +0 animal skin (worn)
Scrolls
 d - a scroll of fog {unknown}
 f - 3 scrolls of teleportation {unknown}
 i - a scroll of amnesia {unknown}
 j - a scroll of remove curse {unknown}
 l - a scroll of enchant weapon {unknown}
 n - a scroll of identify {unknown}
 o - a scroll of magic mapping {unknown}
Potions
 e - a potion of curing {unknown}
 g - a potion of berserk rage {unknown}
 h - a potion of lignification {unknown}
 k - a potion of heal wounds {unknown}
 m - a potion of haste {unknown}
Comestibles
 c - 4 rations


   Skills:
 + Level 4.0(3.9) Fighting
 * Level 4.3 Long Blades
 + Level 3.0(2.9) Armour
 + Level 2.6 Dodging


You had 2 spell levels left.
You didn't know any spells.

Dungeon Overview and Level Annotations

Branches:
Dungeon (2/15)

Altars:


Innate Abilities, Weirdness & Mutations

Shadows flee at your approach. (+LOS)
You can swim through water.
You cover ground slowly.
You can hop short distances.


Message History

The leopard gecko closely misses you.
You riposte.
You miss the leopard gecko.
You hit the leopard gecko but do no damage.
The leopard gecko completely misses you.
You riposte.
You barely miss the leopard gecko.
The leopard gecko completely misses you.
You barely miss the leopard gecko.
You feel sick. The leopard gecko closely misses you.
You miss the leopard gecko. The leopard gecko bites you.
* * * LOW HITPOINT WARNING * * *
You miss the leopard gecko.
The leopard gecko bites you but does no damage.
You closely miss the leopard gecko. The leopard gecko barely misses you.
The leopard gecko closely misses you.
You closely miss the leopard gecko.
You feel sick.
You are no longer poisoned.
The leopard gecko bites you but does no damage.
You hit the leopard gecko but do no damage.
The leopard gecko barely misses you.
You hit the leopard gecko. The leopard gecko bites you.
You die...

............(#....
..............#<...
.......... ........
.......... ..#....#
.......... ........
.........##......#.#
.........#.......#..
.......#...........
#...†l@....#.##.
#.##)..##.......
.#.##...#........
........#........
#.................
#........<...#
...$.....##..##
...(...... .....
.........# ........


You could see a leopard gecko.

Vanquished Creatures
  An adder (D:2)
  2 dart slugs (D:1)
  3 hobgoblins
  2 jackals (D:1)
  5 kobolds (D:1)
  A ball python (D:1)
  4 bats
  2 frilled lizards (D:1)
  3 goblins
  3 rats (D:1)
26 creatures vanquished.

Notes
Turn   | Place    | Note
-------+----------+-------------------------------------------
     0 | D:1      | Mimshu the Barachi Berserker began the quest for the Orb.
     0 | D:1      | Reached XP level 1. HP: 18/18 MP: 1/1
    78 | D:1      | Reached XP level 2. HP: 9/25 MP: 2/2
  1002 | D:1      | Reached XP level 3. HP: 25/30 MP: 3/3
  1112 | D:2      | Slain by a leopard gecko

Skill      XL: |  1  2  3 |
---------------+----------+-----
Long Blades    | 4 |  4.3
Fighting       | 4 |  4.0
Armour         | 3 |  3.0
Dodging        | |  2.6

Action                   || total
-------------------------++-------
Melee: Falchion          ||    75
Invok: Berserk           ||     1
 Abil: Hop               ||     2
  Eat: Chunk             ||     1
Armor: Animal skin       ||    14
Dodge: Dodged            ||    76
       Rpst.: Falchion   ||    26
